 Dungeon Crawl Stone Soup version 0.29.1-15-g9cfb28693d (webtiles) character file.

Game seed: 2566804350904504758

10341 Eitelfritz the Carver (level 11, -10/64 HPs)
             Began as a Gargoyle Earth Elementalist on Apr 14, 2023.
             Was an Initiate of Elyvilon.
             Mangled by a boulder beetle (20 damage)
             ... on level 11 of the Dungeon.
             The game lasted 00:29:32 (8879 turns).

Eitelfritz the Carver (Gargoyle Earth Elementalist) Turns: 8879, Time: 00:29:32

Health: -10/64     AC: 20    Str: 20    XL:     11   Next: 60%
Magic:  18/21      EV: 13    Int: 18    God:    Elyvilon [......]
Gold:   650        SH:  5    Dex: 10    Spells: 9/23 levels left

rFire   . . .      SeeInvis .   a - +12 long sword "Ela Xiamasi" {holy, +Blink}
rCold   . . .      Faith    .   (no shield)
rNeg    + . .      Spirit   .   z - +4 troll leather armour {Pargi}
rPois   ∞          Reflect  +   (no helmet)
rElec   +          Harm     .   q - +0 cloak
rCorr   .          Rampage  .   (no gloves)
Will    .....                   d - +1 pair of boots "Meyxib" {rElec}
Stlth   ++........              i - amulet of reflection
HPRegen 1.00/turn               j - +6 ring of strength
MPRegen 0.17/turn               (no ring)

@: no status effects
A: sickness immunity, AC +8, negative energy resistance 1, electricity
resistance, torment resistance 1, petrification resistance
a: Renounce Religion, Evoke Blink


You were on level 11 of the Dungeon.
You worshipped Elyvilon.
Elyvilon was noncommittal.
You visited 2 branches of the dungeon, and saw 12 of its levels.
You also visited: Sewer.

You collected 650 gold pieces.

Inventory:

Hand Weapons
 a - the +12 long sword "Ela Xiamasi" (weapon) {holy, +Blink}
   (You found it on level 2 of the Dungeon)

   It has been blessed by the Shining One to cause great damage to the undead
   and demons.
   +Blink:    It lets you blink.
 H - a +1 morningstar of protection
Missiles
 l - 84 stones
 o - 8 poisoned darts
 t - a throwing net
 F - 3 atropa-tipped darts
Armour
 d - the +1 pair of boots "Meyxib" (worn) {rElec}
   (You acquired it in a sewer)

   rElec:     It insulates you from electricity.
 q - a +0 cloak (worn)
 s - a +2 robe of cold resistance
 z - a +4 troll leather armour (worn) {Pargi}
Magical Staves
 m - a staff of conjuration
Jewellery
 i - an amulet of reflection (around neck)
 j - a +6 ring of strength (left hand)
 I - a +6 ring of strength
Wands
 f - a wand of polymorph (7)
 A - a wand of flame (32)
 B - a wand of mindburst (12)
 C - a wand of paralysis (10)
 E - a wand of digging (2)
Scrolls
 h - 2 scrolls of magic mapping
 p - 7 scrolls of teleportation
 u - a scroll of fear
 y - a scroll of fog
 J - a scroll of identify
Potions
 b - 5 potions of magic
 c - 4 potions of lignification
 e - 3 potions of cancellation
 g - 3 potions of heal wounds
 k - 5 potions of curing
 n - 2 potions of berserk rage
 r - 2 potions of invisibility
 v - 3 potions of attraction
 w - a potion of brilliance
 x - a potion of resistance
 D - a potion of flight
 G - a potion of haste


   Skills:
 + Level 5.4 Fighting
 + Level 8.3 Long Blades
 + Level 3.8 Armour
 + Level 5.1 Dodging
 + Level 4.5 Stealth
 + Level 3.8 Shields
 + Level 6.8 Spellcasting
 + Level 1.8 Summonings
 + Level 0.7 Transmutations
 + Level 8.0 Earth Magic
 * Level 1.8 Invocations
 + Level 6.0 Evocations


You had 9 spell levels left.
You knew the following spells:

 Your Spells              Type           Power      Damage    Failure   Level
a - Sandblast             Erth           70%        2d15      1%          1
b - Passwall              Tmut/Erth      18%        N/A       3%          2
c - Stone Arrow           Conj/Erth      40%        3d9       7%          3
d - Petrify               Tmut/Erth      22%        N/A       21%         4
e - Summon Small Mammal   Summ           48%        N/A       6%          1
f - Call Canine Familiar  Summ           12%        N/A       19%         3

Your spell library contained the following spells:

 Spells                   Type           Power      Damage    Failure   Level
 Summon Guardian Golem    Hex/Summ       9%         N/A       26%         3
 Ozocubu's Armour         Ice            6%         N/A       36%         3
 Olgreb's Toxic Radiance  Pois           6%         N/A       77%         4
 Metabolic Englaciation   Hex/Ice        3%         N/A       98%         5
 Simulacrum               Ice/Necr       3%         N/A       100%        6
 Ozocubu's Refrigeration  Ice            3%         4d8       100%        7
 Ignition                 Fire           3%         3d4       100%        8


Dungeon Overview and Level Annotations

Branches:
Dungeon (11/15)            Temple (1/1) D:5            Lair (0/5) D:11
    Orc (0/2) D:9           Sewer (visited)

Altars:
Ashenzari
Cheibriados
Dithmenos
Elyvilon
Fedhas
Gozag
Hepliaklqana
Kikubaaqudgha
Makhleb
Nemelex Xobeh
Okawaru
Qazlal
Ru
Sif Muna
Trog
Uskayaw
Vehumet
Wu Jian
Xom
Yredelemnul
Zin
The Shining One
Lugonu

Shops:
D:5 (   D:8 =   D:9 *

Portals:
Abyss: D:4


Innate Abilities, Weirdness & Mutations

You are immune to sickness and miasma.
Your stone body is resilient. (AC +8)
You are immune to poison.
You resist negative energy. (rN+)
You are resistant to electric shocks. (rElec)
You are resistant to unholy torment.
You are immune to petrification.


Message History

You hit the boulder beetle but do no damage.
The boulder beetle is lightly wounded.
The boulder beetle misses you.
You slash the boulder beetle!
The boulder beetle is moderately wounded.
The boulder beetle bites you but does no damage.
You hit the boulder beetle but do no damage.
The boulder beetle is moderately wounded.
The boulder beetle barely misses you.
You slash the boulder beetle!
The boulder beetle is moderately wounded.
The boulder beetle bites you!!
You hit the boulder beetle but do no damage.
The boulder beetle is moderately wounded.
The boulder beetle bites you but does no damage.
You hit the boulder beetle.
The boulder beetle is heavily wounded.
The boulder beetle closely misses you.
You hit the boulder beetle.
The boulder beetle is heavily wounded.
The boulder beetle bites you.
You hit the boulder beetle.
The boulder beetle is heavily wounded.
The boulder beetle bites you!
* * * LOW HITPOINT WARNING * * *
You hit the boulder beetle.
The boulder beetle is heavily wounded.
The boulder beetle closely misses you.
You slash the boulder beetle!
The boulder beetle is severely wounded.
The boulder beetle waves its antennae.
The boulder beetle bites you but does no damage.
You slash the boulder beetle!
The boulder beetle is almost dead.
The boulder beetle bites you!
* * * LOW HITPOINT WARNING * * *
You hit the boulder beetle but do no damage.
The boulder beetle is almost dead.
The boulder beetle bites you!!
You die...

### #.# #<#
#.# #[# #.#
#.# #@# #B#
#.# #.# #.#
#.######...
#...T......
#..#####...
# #..#


You could see a boulder beetle.

Vanquished Creatures
  Snorg (D:10)
  A two-headed ogre (D:10)
  Pikel (D:5)
  A gargoyle (D:11)
  A komodo dragon (D:10)
  2 trolls
  A hornet (D:8)
  Prince Ribbit (D:7)
  2 wyverns
  Sigmund (D:2)
  2 vampires (D:9)
  3 yaks (D:10)
  3 steam dragons
  3 vampire mosquitoes (D:9)
  An acid dragon (D:11)
  Duvessa (D:7)
  6 water moccasins
  Pargi (Sewer)
  A black bear (D:8)
  2 ice beasts
  A sky beast (D:7)
  8 orc warriors
  2 ogres
  2 centaurs
  2 lemures (D:5)
  3 phantoms (D:6)
  2 kobold brigands
  2 necrophages
  A gnoll sergeant (D:9)
  6 bullfrogs
  4 scorpions
  6 wights
  9 killer bees (D:8)
  Dowan (D:7)
  4 howler monkeys
  A jelly (D:6)
  7 hounds
  4 orc priests
  2 iguanas
  9 orc wizards
  2 nameless horrors
  7 gnolls
  13 adders
  A shadow imp (D:3)
  A white imp (D:5)
  A worm (D:3)
  2 dart slugs (D:2)
  37 orcs
  4 ball pythons
  7 bats
  8 endoplasms
  4 giant cockroaches
  5 goblins
  2 hobgoblins
  8 kobolds
  6 quokkas
  7 frilled lizards
  2 rats (D:3)
228 creatures vanquished.

Vanquished Creatures (collateral kills)
  An orc (D:10)
1 creature vanquished.

Vanquished Creatures (others)
  2 lurking horrors (D:4)
2 creatures vanquished.

Grand Total: 231 creatures vanquished

Notes
Turn   | Place    | Note
-------+----------+-------------------------------------------
     0 | D:1      | Eitelfritz the Gargoyle Earth Elementalist began the quest
                  | for the Orb.
     0 | D:1      | Reached XP level 1. HP: 10/10 MP: 3/3
   427 | D:1      | Reached XP level 2. HP: 15/15 MP: 1/5
   889 | D:1      | Found a faded altar of an unknown god.
  1028 | D:2      | Identified the +12 long sword "Ela Xiamasi" {holy, +Blink}
  1033 | D:2      | Reached XP level 3. HP: 19/19 MP: 4/7
  1281 | D:2      | Learned a level 2 spell: Passwall
  1285 | D:2      | Learned a level 3 spell: Stone Arrow
  1568 | D:2      | Noticed Sigmund
  1576 | D:2      | Killed Sigmund
  1577 | D:2      | Reached skill level 5 in Earth Magic
  1577 | D:2      | Reached XP level 4. HP: 24/24 MP: 5/9
  1577 | D:2      | Reached XP level 5. HP: 28/28 MP: 5/10
  1772 | D:3      | Learned a level 4 spell: Petrify
  2232 | D:3      | Reached XP level 6. HP: 32/32 MP: 9/11
  2459 | D:4      | Found a corrupted altar of Lugonu.
  2460 | D:4      | Found a one-way gate to the infinite horrors of the Abyss.
  2623 | D:4      | Reached skill level 1 in Long Blades
  2701 | D:4      | Reached XP level 7. HP: 10/37 MP: 11/13
  2808 | D:4      | Found a glowing drain.
  2825 | Sewer    | Entered a sewer
  3056 | Sewer    | Noticed Pargi
  3064 | Sewer    | Killed Pargi
  3065 | Sewer    | Reached skill level 1 in Fighting
  3205 | Sewer    | Identified a scroll of acquirement
  3205 | Sewer    | Acquired the +1 pair of boots "Meyxib" {rElec}
  3590 | D:4      | Reached skill level 1 in Shields
  3708 | D:5      | Entered Level 5 of the Dungeon
  3718 | D:5      | Reached skill level 1 in Evocations
  3825 | D:5      | Reached XP level 8. HP: 43/43 MP: 15/15
  3915 | D:5      | Reached skill level 5 in Spellcasting
  3939 | D:5      | Noticed Pikel
  3987 | D:5      | Killed Pikel
  4110 | D:5      | Found Gezimut's Weapon Shoppe.
  4185 | D:5      | Found a staircase to the Ecumenical Temple.
  4193 | D:5      | Reached XP level 9. HP: 50/50 MP: 14/16
  4368 | Temple   | Entered the Ecumenical Temple
  4821 | D:6      | Reached skill level 1 in Armour
  4827 | D:6      | Learned a level 1 spell: Summon Small Mammal
  5275 | D:7      | Noticed Dowan
  5278 | D:7      | Noticed Duvessa
  5284 | D:7      | Killed Dowan
  5285 | D:7      | Reached skill level 5 in Long Blades
  5297 | D:7      | Killed Duvessa
  5492 | D:7      | Learned a level 3 spell: Call Canine Familiar
  5839 | D:7      | Noticed Prince Ribbit
  5869 | D:7      | Killed Prince Ribbit
  5870 | D:7      | Reached XP level 10. HP: 47/56 MP: 15/18
  6133 | D:8      | Found Zonoank's Jewellery Shop.
  6542 | D:8      | Reached skill level 5 in Evocations
  6616 | D:8      | Identified the +2 flail of the Goat {flame, rF+}
  7208 | D:9      | Reached XP level 11. HP: 62/62 MP: 20/20
  7284 | D:9      | Found Illykacwoe's Serpentskin Sales.
  7543 | D:9      | Reached skill level 1 in Summonings
  7557 | D:9      | Found a staircase to the Orcish Mines.
  7609 | D:10     | Entered Level 10 of the Dungeon
  7623 | D:10     | Reached skill level 5 in Dodging
  7921 | D:10     | Found a shadowy altar of Dithmenos.
  7921 | D:10     | Found an ornate altar of the Wu Jian Council.
  7970 | D:10     | Noticed a two-headed ogre
  7996 | D:10     | Killed a two-headed ogre
  7997 | D:10     | Reached skill level 5 in Fighting
  8411 | Temple   | Became a worshipper of Elyvilon the Healer
  8641 | D:11     | Found a staircase to the Lair.
  8697 | D:11     | Elyvilon protects you from harm!
  8699 | D:11     | Reached skill level 1 in Invocations
  8762 | D:11     | Noticed Snorg
  8766 | D:11     | Noticed a boulder beetle
  8823 | D:10     | Killed Snorg
  8879 | D:11     | Mangled by a boulder beetle

Illustrated notes

Levels and vault maps discovered:
D:1:      sevenhm_arrival_forest_fort_small_3, layout_loops_ring,
          basic_ecumenical_altar, feat_on_display
D:2:      layout_rooms, uniq_sigmund
D:3:      layout_loops_cross, chequers_mini_garden, minmay_misc_feat_pillars
D:4:      layout_cave_pods, gup_sewer_entry_pipe, minmay_misc_feat_diagonals,
          amcnicky_altar_lugonu_corruption
D:5:      layout_basic, minmay_temple_entry_glass, serial_shops,
          nicolae_shop_bloodbath_and_beyond, uniq_pikel
D:6:      layout_rooms
D:7:      layout_rooms, minmay_fractal_squares_gapless_5, uniq_duvessa,
          uniq_prince_ribbit1
D:8:      layout_basic, serial_shops, shop, chequers_garden,
          kennysheep_generic_room_6
D:9:      layout_rooms, david_orc_4, guppyfry_shop_venom
D:10:     minmay_klotski, layout_rooms, gammafunk_temple_overflow_wave
D:11:     minmay_blocky_corners, layout_long_grid, lair_entry_dummy, uniq_snorg
Temple:   mainiacjoe_temple_big_plus

Skill      XL: |  1  2  3  4  5  6  7  8  9 10 11 |
---------------+----------------------------------+-----
Earth Magic    | 4 5 6 7 8 |  8.0
Stealth        | 3 4 |  4.5
Spellcasting   | 3 4 5 6 |  6.8
Long Blades    | 1 2 4 6 7 8 |  8.3
Fighting       | 1 3 4 5 |  5.4
Dodging        | 2 3 4 5 |  5.1
Shields        | 1 2 3 |  3.8
Evocations     | 1 3 4 5 6 |  6.0
Armour         | 2 3 |  3.8
Summonings     | 1 |  1.8
Invocations    | 1 |  1.8
Transmutations | |  0.7

Action                   |  1- 3 |  4- 6 |  7- 9 | 10-12 || total
-------------------------+-------+-------+-------+-------++-------
Melee: Unarmed           |     3 |       |     4 |       ||     7
       Long sword        |     3 |    28 |   213 |   328 ||   572
       Punch             |       |       |     1 |     6 ||     7
 Cast: Sandblast         |    29 |    27 |    28 |    26 ||   110
       Summon Small Mamm |       |       |     5 |       ||     5
       Call Canine Famil |       |       |       |     8 ||     8
       Stone Arrow       |       |       |       |     4 ||     4
       Petrify           |       |       |       |     2 ||     2
  Use: Scroll            |       |       |    19 |     6 ||    25
 Stab: Sleeping          |     1 |     2 |     4 |     1 ||     8
       Distracted        |       |       |       |     1 ||     1
Armor: Robe              |     9 |    23 |    10 |       ||    42
       Troll leather arm |       |       |    80 |   195 ||   275
Dodge: Dodged            |     7 |    30 |   133 |   208 ||   378
Block: Other             |     3 |     9 |    47 |    81 ||   140
       Reflection        |       |       |     3 |     1 ||     4
